 Dungeon Crawl Stone Soup version 0.20.0-10-g0535bb4 (webtiles) character file.

6477 Tridux the Gouger (level 10, 46/46 HPs)
             Began as a Felid Wanderer on June 5, 2017.
             Was a Believer of Uskayaw.
             Quit the game on level 2 of the Orcish Mines on June 6, 2017.
             The game lasted 01:50:11 (20721 turns).

Tridux the Gouger (Felid Wanderer)                 Turns: 20721, Time: 01:50:11

Health: 46/46      AC:  3    Str:  9    XL:     10   Next: 68%
Magic:  33/33      EV: 26    Int: 17    God:    Uskayaw [**....]
Gold:   1608       SH:  0    Dex: 16    Spells: 2/15 levels left
                                        Lives:  0   Deaths: 3

rFire    . . .     SeeInvis +     - Unarmed
rCold    + . .     Gourm    .   (shield unavailable)
rNeg     . . .     Faith    +   (armour unavailable)
rPois    .         Spirit   .   (helmet unavailable)
rElec    .         Reflect  .   (cloak unavailable)
rCorr    .         Harm     .   (gloves unavailable)
MR       +....                  (boots unavailable)
Stlth    ++++......             J - amulet of faith
Regen    0.2/turn               g - ring of magical power
MPRegen  0.3/turn               B - ring of magical power

@: quick
A: no armour, no weapons or thrown items, stealth, claws 1, fangs 3, see
invisible, carnivore 3, speed 1, shaggy fur 3, slow metabolism 1, sharp paws
a: Stomp, Line Pass, Renounce Religion


You were on level 2 of the Orcish Mines.
You worshipped Uskayaw.
Uskayaw was noncommittal.
You were not hungry.

You visited 4 branches of the dungeon, and saw 20 of its levels.
You also visited: Labyrinth and Ossuary.

You collected 1728 gold pieces.
You spent 120 gold pieces at shops.

Inventory:

Missiles
 t - 193 arrows
Jewellery
 g - a ring of magical power (left paw)
 o - an uncursed ring of fire
 B - a ring of magical power (right paw)
 F - an uncursed ring of protection from cold
 J - an amulet of faith (around neck)
 X - a +4 ring of dexterity
Wands
 c - a wand of confusion (4/48)
 p - a wand of paralysis (0/24)
 L - a wand of clouds (4/9)
 N - a wand of digging (10/24)
 P - a wand of iceblast (9/15)
 U - a wand of lightning (11/15)
Scrolls
 e - 2 scrolls of fear
 i - 4 scrolls of identify
 l - 2 scrolls of fog
 m - a scroll of amnesia
 q - a scroll of blinking
 r - 9 scrolls of remove curse
 s - 2 scrolls of teleportation
 K - a scroll of holy word {unknown}
 M - a scroll of acquirement {unknown}
 O - a scroll of random uselessness {unknown}
 Z - a scroll of silence {unknown}
Potions
 h - 2 potions of agility
 j - 4 potions of lignification
 k - 5 potions of curing
 u - 2 potions of brilliance
 v - a potion of heal wounds
 w - a potion of might
 x - 4 potions of ambrosia
 y - 2 potions of haste
 z - a potion of mutation {unknown}
 A - 5 potions of invisibility
 C - 2 potions of resistance {unknown}
 D - 4 potions of flight
 G - a potion of cancellation {unknown}
 H - a potion of berserk rage {unknown}
Books
 a - a book of Necromancy

   Spells                             Type                      Level
   a - Pain                           Necromancy                   1
   b - Animate Skeleton               Necromancy                   1
   c - Vampiric Draining              Necromancy                   3
   d - Regeneration                   Charms/Necromancy            3
   e - Animate Dead                   Necromancy                   4
   f - Control Undead                 Necromancy                   4
 b - Sif Muna's Handbook of Calling

   Spells                             Type                      Level
   a - Summon Small Mammal            Summoning                    1
   b - Recall                         Summoning/Translocation      3
 Q - the Volume of Earth
   (You found it on level 11 of the Dungeon)

   Spells                             Type                      Level
   a - Sandblast                      Earth                        1
   b - Stone Arrow                    Conjuration/Earth            3
   c - Petrify                        Transmutation/Earth          4
   d - Bolt of Magma                  Conjuration/Fire/Earth       5
   e - Iron Shot                      Conjuration/Earth            6
 R - the Grimoire of Creative Moulding
   (You found it in a labyrinth)

   Spells                             Type                      Level
   a - Summon Butterflies             Summoning                    1
   b - Ignite Poison                  Fire/Transmutation/Poison    3
   c - Call Canine Familiar           Summoning                    3
   d - Summon Ice Beast               Ice/Summoning                4
   e - Summon Demon                   Summoning                    5
 S - a book of Cantrips

   Spells                             Type                      Level
   a - Confusing Touch                Hexes                        1
   b - Animate Skeleton               Necromancy                   1
   c - Summon Small Mammal            Summoning                    1
   d - Apportation                    Translocation                1
 T - a book of Death

   Spells                             Type                      Level
   a - Corpse Rot                     Necromancy                   2
   b - Sublimation of Blood           Necromancy                   2
   c - Agony                          Necromancy                   5
   d - Dispel Undead                  Necromancy                   5
   e - Excruciating Wounds            Charms/Necromancy            5
   f - Bolt of Draining               Conjuration/Necromancy       5
 V - a book of Flames

   Spells                             Type                      Level
   a - Flame Tongue                   Conjuration/Fire             1
   b - Throw Flame                    Conjuration/Fire             2
   c - Conjure Flame                  Conjuration/Fire             3
   d - Inner Flame                    Hexes/Fire                   3
   e - Sticky Flame                   Conjuration/Fire             4
   f - Fireball                       Conjuration/Fire             5
 W - a book of Power

   Spells                             Type                      Level
   a - Iskenderun's Battlesphere      Conjuration/Charms           5
   b - Venom Bolt                     Conjuration/Poison           5
   c - Bolt of Magma                  Conjuration/Fire/Earth       5
   d - Iron Shot                      Conjuration/Earth            6
   e - Orb of Destruction             Conjuration                  7
   f - Spellforged Servitor           Conjuration/Summoning        7
 Y - a book of the Sky

   Spells                             Type                      Level
   a - Summon Lightning Spire         Summoning/Air                4
   b - Silence                        Hexes/Air                    5
   c - Deflect Missiles               Charms/Air                   6
   d - Conjure Ball Lightning         Conjuration/Air              6
   e - Tornado                        Air                          9
Comestibles
 d - 4 meat rations
 n - 6 royal jellies


   Skills:
 - Level 6.3 Fighting
 - Level 10.6 Dodging
 + Level 8.6 Stealth
 - Level 12.2 Unarmed Combat
 - Level 3.3 Spellcasting
 - Level 3.8 Hexes
 - Level 2.1 Charms
 - Level 4.0 Necromancy
 + Level 8.4 Transmutations
 + Level 6.9 Earth Magic
 - Level 6.1 Invocations
 - Level 2.1 Evocations


You had 2 spell levels left.
You knew the following spells:

 Your Spells              Type           Power        Failure   Level  Hunger
a - Apportation           Tloc           #.....       17%         1    None
n - Animate Skeleton      Necr           N/A          3%          1    None
r - Regeneration          Chrm/Necr      ##........   14%         3    ###....
t - Confusing Touch       Hex            ###...       3%          1    None
v - Vampiric Draining     Necr           ###.......   10%         3    ###....
z - Petrify               Tmut/Erth      ####....     7%          4    ####...


Dungeon Overview and Level Annotations

Branches:
Dungeon (12/15)            Temple (1/1) D:7            Lair (5/6) D:8
 Shoals (0/4) Lair:4       Spider (0/4) Lair:2        Slime (0/5) Lair:5
    Orc (2/2) D:10            Elf (0/3) Orc:2

Altars:
Ashenzari
Cheibriados
Dithmenos
Elyvilon
Fedhas
Gozag
Hepliaklqana
Kikubaaqudgha
Makhleb
Nemelex Xobeh
Okawaru
Qazlal
Ru
Sif Muna
Trog
Uskayaw
Vehumet
Xom
Yredelemnul
Zin
The Shining One
Beogh
Jiyva

Shops:
D:4 [   D:9 *

Annotations:
D:1 exclusion: hobgoblin
D:2 exclusion: adder
D:4 exclusions: ogre and quokka, Blork the orc
D:9 exclusions: electric eel and 2 more exclusions
D:10 Fannar
D:12 exclusions: ufetubus and wolf, Azrael; Frances
Lair:1 Gargoyl's ghost, novice DrAK; Kriby's ghost, journeyman HOFi
Lair:2 exclusions: 3 blink frogs, crocodile, orb spider and water moccasin, Urug
Lair:3 exclusions: blink frog, torpor snail and yak
Lair:5 1 runed door, exclusions: jelly and rime drake, Gargoyl's ghost, journeyman DrAK
Orc:2 exclusions: orc and orc priest


Innate Abilities, Weirdness & Mutations

You cannot wear armour.
You are incapable of wielding weapons or throwing items.
Your paws allow you to move quietly. (Stealth)
You have sharp claws.
You have razor-sharp teeth.
You have supernaturally acute eyesight. (SInv)
You are carnivorous and can eat meat at any time.
You cover ground quickly.
Your thick and shaggy fur keeps you warm. (AC +3, rC+)
You have a slow metabolism.
Your sharp claws are effective at attacking unaware monsters.


Message History

You can now pass through a line of other dancers.
The helpless deep troll fails to defend itself.
You eviscerate the deep troll!!!!
You kill the deep troll!
Casting: Petrify
Confirm with . or Enter, or press ? or * to list all spells.
Aiming: Petrify
Press: ? - help, Shift-Dir - straight line, f - ogre mage
Aim: an ogre mage, wielding a halberd and wearing a robe (lightly wounded, chance to defeat MR: 12%)
The ogre mage resists with almost no effort.
The ogre mage points at you and mumbles some strange words.
You feel as though you will be slow longer.
The ogre mage gestures at you while chanting.
The bolt of lightning hits you!
Ouch! That really hurt!
You die...
The bolt of lightning misses you.
You are now level 10!
You rejoin the land of the living...
Are you sure you want to abandon this character and quit the game? (Confirm with "yes".)

.........................#
##..#.#...#.............#*
##.#...#.#.......#......#
#...#.#####.#...##.....##
##.#### #......#.......##
### ##......#.......#
##.#............##
#............####
###....##@##.## #
##.#...####..## ##
#...#.## #†...## .#
##..#### ##.....### ##
#...## #........## #
##...# ###.........#
###.####.#........##
##.#.##...O...#...##
#..................#


There were no monsters in sight!

Vanquished Creatures
  A minotaur (Lab)
  2 hydras
  8 two-headed ogres
  A deep troll (Orc:2)
  An unseen horror (D:12)
  An orc knight (Orc:2)
  A deep elf mage (D:11)
  A manticore (D:11)
  A cyclops (D:11)
  3 black mambas
  A centaur zombie (D:11)
  A spiny frog (Lair:2)
  2 komodo dragons
  4 trolls
  A polar bear (D:12)
  Grinder (D:3)
  3 hippogriffs
  A spriggan (D:8)
  4 yaks (Lair:4)
  A hungry ghost (D:12)
  Grum (D:8)
  A warg (Orc:1)
  An acid dragon (D:12)
  5 water moccasins
  8 porcupines
  5 ice beasts
  A sky beast (D:11)
  A necrophage (D:11)
  10 ogres
  9 orc warriors
  A phantom (D:12)
  8 wolves
  4 centaurs
  2 crocodiles
  10 bullfrogs
  A wyvern skeleton (D:11)
  4 scorpions
  A howler monkey (D:4)
  4 crimson imps
  2 bullfrog zombies
  A quasit (D:8)
  2 jellies
  A centaur skeleton (D:6)
  5 hounds
  11 orc priests
  14 orc wizards
  4 bullfrog skeletons
  2 iguanas
  4 worker ants
  A centaur simulacrum (D:12)
  A bullfrog simulacrum (D:12)
  3 hound skeletons
  8 mummies (Ossuary)
  A worker ant zombie (D:8)
  15 adders
  4 gnolls (D:11)
  4 shadow imps
  2 oozes
  2 adder skeletons
  An adder zombie (D:5)
  6 worms
  2 dart slugs (D:3)
  7 leopard geckos
  42 orcs
  8 ball pythons
  5 giant cockroaches
  5 goblins
  9 hobgoblins
  6 jackals
  A quokka (D:2)
  8 bats
  5 frilled lizards
  4 hobgoblin zombies (Ossuary)
  4 kobolds
  4 kobold zombies (Ossuary)
  A quokka skeleton (D:4)
  10 rats
331 creatures vanquished.

Vanquished Creatures (collateral kills)
  2 two-headed ogres (Orc:2)
  A cyclops (Orc:2)
  5 trolls (Orc:2)
  A shadow (D:11)
  A hungry ghost (D:11)
  9 ogres (Orc:2)
  A wolf (Lair:2)
  A centaur (Lair:4)
  2 orc wizards
  A dart slug (D:3)
  2 orcs
  A hobgoblin (D:2)
  A ball python (D:4)
  A bat (D:3)
  A fungus (Lair:2)
  A plant (Lair:2)
31 creatures vanquished.

Vanquished Creatures (others)
  An orc wizard (D:7)
  A worker ant (D:8)
  A bullfrog simulacrum (D:12)
  A fungus (Lair:3)
4 creatures vanquished.

Grand Total: 366 creatures vanquished

Notes
Turn   | Place    | Note
-------+----------+-------------------------------------------
     0 | D:1      | Tridux the Felid Wanderer began the quest for the Orb.
     0 | D:1      | Tridux set off with: a book of Necromancy, Sif Muna's Handbook of Calling, a potion of lignification, a meat ration
     0 | D:1      | Reached XP level 1. HP: 9/9 MP: 3/3
     0 | D:1      | Identified Sif Muna's Handbook of Calling
     2 | D:1      | Learned a level 1 spell: Animate Skeleton
   100 | D:1      | Reached skill level 1 in Stealth
   826 | D:1      | Reached XP level 2. HP: 13/13 MP: 4/4
  1151 | D:2      | Found a basalt altar of Yredelemnul.
  1155 | D:2      | Reached skill level 2 in Unarmed Combat
  1705 | D:2      | Reached XP level 3. HP: 12/16 MP: 5/5
  1925 | D:2      | Reached skill level 1 in Dodging
  3086 | D:3      | Learned a level 1 spell: Pain
  3305 | D:3      | Reached skill level 3 in Unarmed Combat
  3307 | D:3      | Noticed Grinder
  4033 | D:3      | Killed Grinder
  4033 | D:3      | Reached skill level 4 in Unarmed Combat
  4033 | D:3      | Reached XP level 4. HP: 15/19 MP: 6/6
  4033 | D:3      | Reached XP level 5. HP: 17/22 MP: 7/7
  4280 | D:3      | Gained mutation: You are covered in thick fur. (AC +2) [Felid growth]
  4280 | D:3      | Reached XP level 6. HP: 26/26 MP: 8/8
  5233 | D:2      | Learned a level 3 spell: Vampiric Draining
  5927 | D:4      | Reached skill level 5 in Unarmed Combat
  6436 | D:4      | Found Uboggepn's Antique Armour Boutique.
  6453 | D:4      | Reached XP level 7. HP: 30/30 MP: 9/9
  6478 | D:4      | Noticed Blork the orc
  6788 | D:5      | Entered Level 5 of the Dungeon
  6859 | D:5      | Reached skill level 5 in Dodging
  6915 | D:5      | Found a sand-covered staircase.
  6934 | Ossuary  | Entered an ossuary
  7003 | Ossuary  | Reached skill level 6 in Unarmed Combat
  7881 | D:5      | Reached XP level 8. HP: 33/34 MP: 10/10
  8056 | D:6      | Found a white marble altar of Elyvilon.
  8156 | D:6      | Reached skill level 7 in Unarmed Combat
  8479 | D:6      | Found a white marble altar of Elyvilon.
  8645 | D:6      | Found an iron altar of Okawaru.
  8645 | D:6      | Found a sparkling altar of Nemelex Xobeh.
  8943 | D:7      | Reached skill level 5 in Stealth
  9051 | D:7      | Reached skill level 8 in Unarmed Combat
  9207 | D:7      | Found a staircase to the Ecumenical Temple.
  9226 | Temple   | Entered the Ecumenical Temple
  9392 | Temple   | Became a worshipper of Uskayaw the Reveler
  9571 | D:7      | Reached * piety under Uskayaw
  9754 | D:7      | Reached ** piety under Uskayaw
  9788 | D:7      | Reached skill level 1 in Invocations
  9988 | D:8      | Found a stormy altar of Qazlal.
  9993 | D:8      | Found a blossoming altar of Fedhas.
 10016 | D:8      | Reached XP level 9. HP: 39/39 MP: 12/12
 10053 | D:8      | Noticed a two-headed ogre
 10085 | D:8      | Killed a two-headed ogre
 10190 | D:8      | Found a radiant altar of Vehumet.
 10342 | D:8      | Found a staircase to the Lair.
 10354 | D:8      | Reached skill level 9 in Unarmed Combat
 10844 | D:9      | Found Bykoluri's Assorted Antiques.
 10852 | D:9      | Bought a viscous purple potion for 27 gold pieces
 10852 | D:9      | Bought a scroll labeled CAICWE VEKHLI for 31 gold pieces
 10852 | D:9      | Bought a scroll of identify for 62 gold pieces
 11234 | D:9      | Found a shimmering altar of Xom.
 11235 | D:9      | Found a hazy altar of Hepliaklqana.
 11236 | D:9      | Noticed a spectral ugly thing
 11318 | D:9      | Reached *** piety under Uskayaw
 11532 | D:10     | Entered Level 10 of the Dungeon
 11758 | D:10     | Noticed Fannar
 11834 | Lair:1   | Entered Level 1 of the Lair of Beasts
 11835 | Lair:1   | Noticed a four-headed hydra
 11841 | Lair:1   | Noticed Kriby's ghost (journeyman HOFi)
 11859 | Lair:1   | Noticed Gargoyl's ghost (novice DrAK)
 11863 | Lair:1   | Found a labyrinth entrance.
 11872 | Lab      | Entered a labyrinth
 12003 | Lab      | Noticed a minotaur
 12014 | Lab      | Killed a minotaur
 12014 | Lab      | Reached skill level 10 in Unarmed Combat
 12014 | Lab      | Reached XP level 10. HP: 42/42 MP: 15/15
 12021 | Lab      | Identified the Grimoire of Creative Moulding
 12025 | Lab      | Learned a level 1 spell: Confusing Touch
 12241 | Lair:1   | Demolished by Kriby's ghost
 12242 | Lair:1   | Reached XP level 9. HP: -15/39 MP: 23/23
 12311 | Lair:1   | Killed a four-headed hydra
 12549 | Lair:1   | Reached skill level 11 in Unarmed Combat
 12903 | Lair:1   | Learned a level 3 spell: Regeneration
 12952 | Lair:1   | Noticed a polar bear
 13082 | Lair:2   | Found a hole to the Spider Nest.
 13082 | Lair:2   | Noticed an orb spider
 13139 | Lair:2   | Noticed a komodo dragon
 13146 | Lair:2   | Killed a komodo dragon
 13146 | Lair:2   | Reached XP level 10. HP: 43/43 MP: 15/15
 13210 | Lair:2   | Noticed a black mamba
 13217 | Lair:2   | Killed a black mamba
 13308 | Lair:2   | Noticed a black mamba
 13359 | Lair:2   | Learned a level 1 spell: Apportation
 13364 | Lair:2   | Killed a black mamba
 13379 | Lair:2   | Noticed a spiny frog
 13393 | Lair:2   | Killed a spiny frog
 13437 | Lair:2   | Noticed Urug
 13967 | Lair:3   | Found a hide-covered altar of Uskayaw.
 14000 | Lair:3   | Noticed a torpor snail
 14242 | Lair:3   | Reached skill level 5 in Fighting
 14402 | Lair:4   | Found a staircase to the Shoals.
 15506 | Lair:5   | Noticed Gargoyl's ghost (journeyman DrAK)
 15524 | Lair:5   | Noticed a four-headed hydra
 15732 | Lair:5   | Noticed a black mamba
 15754 | Lair:5   | Killed a black mamba
 15782 | Lair:5   | Found a runed door.
 15783 | Lair:5   | Found a viscous altar of Jiyva.
 15783 | Lair:5   | Found a staircase to the Slime Pits.
 16015 | D:8      | Noticed Grum
 16035 | D:8      | Killed Grum
 16038 | D:8      | Reached **** piety under Uskayaw
 16051 | D:8      | Reached ***** piety under Uskayaw
 16148 | D:8      | Reached XP level 11. HP: 48/48 MP: 16/16
 16265 | D:10     | Noticed a two-headed ogre
 16277 | D:10     | Killed a two-headed ogre
 16277 | D:10     | Reached skill level 10 in Dodging
 16370 | D:10     | Found a staircase to the Orcish Mines.
 16378 | D:10     | Found a roughly hewn altar of Beogh.
 16641 | D:11     | Reached skill level 12 in Unarmed Combat
 16644 | D:11     | Noticed a deep elf mage
 16698 | D:11     | Killed a deep elf mage
 16758 | D:11     | Noticed a four-headed hydra
 16766 | D:11     | Killed a four-headed hydra
 16802 | D:11     | Identified the Volume of Earth
 16822 | D:11     | Learned a level 4 spell: Petrify
 17073 | D:11     | Reached skill level 1 in Earth Magic
 17295 | D:12     | Noticed an unseen horror
 17299 | D:12     | Killed an unseen horror
 17534 | D:12     | Noticed Azrael
 17726 | D:12     | Noticed Frances
 18156 | Orc:1    | Entered Level 1 of the Orcish Mines
 18693 | Orc:2    | Entered Level 2 of the Orcish Mines
 18767 | Orc:2    | Noticed an orc knight
 19187 | Orc:2    | Reached skill level 5 in Transmutations
 19378 | Orc:2    | Killed an orc knight
 19385 | Orc:2    | Gained mutation: Your thick and shaggy fur keeps you warm. (AC +3, rC+) [Felid growth]
 19385 | Orc:2    | Reached XP level 12. HP: 32/53 MP: 10/17
 19488 | Orc:2    | Noticed a two-headed ogre
 19496 | Orc:2    | Killed a two-headed ogre
 19646 | Orc:2    | Noticed an ogre mage
 19647 | Orc:2    | Noticed a two-headed ogre
 19649 | Orc:2    | Noticed a two-headed ogre
 19649 | Orc:2    | Noticed a two-headed ogre
 19650 | Orc:2    | Noticed an ogre mage
 19650 | Orc:2    | Noticed a two-headed ogre
 19651 | Orc:2    | Noticed a two-headed ogre
 19735 | Orc:2    | Noticed a two-headed ogre
 19739 | Orc:2    | Killed a two-headed ogre
 19754 | Orc:2    | Killed a two-headed ogre
 19754 | Orc:2    | Reached skill level 5 in Earth Magic
 19767 | Orc:2    | Killed a two-headed ogre
 19789 | Orc:2    | Killed a two-headed ogre
 19907 | Orc:2    | Noticed a two-headed ogre
 19929 | Orc:2    | Killed a two-headed ogre
 19962 | Orc:2    | Killed a two-headed ogre
 20186 | Orc:2    | Slain by a two-headed ogre
 20187 | Orc:2    | Reached XP level 11. HP: -2/49 MP: 12/16
 20397 | Orc:2    | Killed a two-headed ogre
 20716 | Orc:2    | Killed a deep troll
 20720 | Orc:2    | Killed from afar by an ogre mage
 20721 | Orc:2    | Reached XP level 10. HP: -20/46 MP: 28/33
 20721 | Orc:2    | Quit the game

Skill      XL: |  1  2  3  4  5  6  7  8  9 10 11 12 |
---------------+-------------------------------------+-----
Stealth        | 1 2 4 6 7 8 |  8.6
Unarmed Combat | 2 4 5 6 8 11 12 | 12.2
Dodging        | 3 4 6 9 10 | 10.6
Fighting       | 3 4 5 6 |  6.3
Invocations    | 3 6 |  6.1
Charms         | 2 |  2.1
Necromancy     | 4 |  4.0
Hexes          | 3 |  3.8
Spellcasting   | 3 |  3.3
Transmutations | 5 8 |  8.4
Earth Magic    | 4 6 |  6.9
Evocations     | |  2.1

Action                   |  1- 3 |  4- 6 |  7- 9 | 10-12 || total
-------------------------+-------+-------+-------+-------++-------
Melee: Unarmed           |   156 |   116 |   372 |   546 ||  1190
       Bite              |    15 |     9 |    41 |    65 ||   130
       Punch             |     2 |       |    10 |    41 ||    53
 Cast: Animate Skeleton  |    11 |    14 |    24 |    60 ||   109
       Pain              |     5 |    13 |       |       ||    18
       Vampiric Draining |       |     7 |    16 |    10 ||    33
       Confusing Touch   |       |       |     2 |   105 ||   107
       Apportation       |       |       |       |    15 ||    15
       Regeneration      |       |       |       |    40 ||    40
       Petrify           |       |       |       |    16 ||    16
Evoke: Wand              |    10 |       |    32 |    25 ||    67
  Use: Scroll            |     3 |     3 |    11 |    20 ||    37
       Potion            |     1 |       |     3 |     4 ||     8
 Stab: Sleeping          |     7 |    17 |    16 |    22 ||    62
       Confused          |     4 |       |    15 |    55 ||    74
       Distracted        |       |       |     1 |     4 ||     5
       Paralysed         |       |       |     7 |    17 ||    24
       Petrified         |       |       |       |     8 ||     8
  Eat: Chunk             |    14 |     7 |    15 |    37 ||    73
Armor: Skin              |     7 |     1 |     7 |     5 ||    20
Dodge: Dodged            |    83 |    67 |   237 |   323 ||   710
